[Event "Team 45 45 League T38"]
[Site "Internet Chess Club"]
[Date "2008.08.23"]
[Round "5"]
[White "Mustard"]
[Black "kabindra"]
[Result "0-1"]
[WhiteElo "1804"]
[BlackElo "1933"]
[Opening "Vienna game"]
[ECO "C26"]
[Time "09:02:36"]
[TimeControl "2700+45"]

1. e4 e5 2. Nc3 Nf6 3. Bc4 Bc5 4. d3 O-O 5. f4 d5 6. exd5 exf4 7. Nge2 Ng4 8. d4
Qh4+ 9. g3 fxg3 10. Nxg3 Nxh2 11. Ne2 Bd6 12. Kf2 f5 13. Kg2 Bxg3 14. Nxg3 f4
15. d6+ Kh8 16. Rxh2 Qxg3+ 17. Kh1 Bg4 18. Bxf4 Bf3+ {White resigns} 0-1

[Event "Team 45 45 League T38"]
[Site "Internet Chess Club"]
[Date "2008.08.23"]
[Round "5"]
[White "OOB1"]
[Black "gtm"]
[Result "0-1"]
[WhiteElo "1497"]
[BlackElo "1728"]
[Opening "Scandinavian: Icelandic gambit"]
[ECO "B01"]
[Time "20:07:45"]
[TimeControl "2700+45"]

1. e4 d5 2. exd5 Nf6 3. c4 e6 4. dxe6 Bxe6 5. Nf3 Nc6 6. d3 Bb4+ 7. Bd2 Qe7 8.
a3 Bxd2+ 9. Nbxd2 Bxc4+ 10. Qe2 Be6 11. Ne4 O-O-O 12. Qc2 Bg4 13. Be2 Bxf3 14.
Bxf3 Nd4 15. Qd1 Nd5 16. O-O Nf4 17. Re1 Nxf3+ 18. Qxf3 Nxd3 19. Re3 Ne5 20.
Qf5+ Kb8 21. Ng5 f6 22. Nxh7 Qd6 23. Rae1 Qd4 24. b4 Rd5 25. h3 b6 26. Nxf6 gxf6
27. Qxf6 Nc4 28. Qxh8+ Qxh8 29. Re8+ Qxe8 30. Rxe8+ Kb7 31. a4 a5 32. bxa5 Rxa5
33. g4 Nd6 34. Rg8 Rxa4 35. g5 Nf5 36. g6 Rh4 37. Kh2 Rh6 38. Rf8 Ng7 39. Rf6 b5
40. f4 b4 41. f5 b3 42. Rf7 b2 43. Rxg7 b1=Q 44. Rh7 Qb2+ 45. Kg3 Qc3+ 46. Kg4
Rxh7 47. gxh7 Qh8 48. Kg5 Qxh7 49. h4 c5 50. h5 Qg7+ 51. Kf4 Qh6+ {White
resigns} 0-1

[Event "Team 45 45 League T38"]
[Site "Internet Chess Club"]
[Date "2008.08.23"]
[Round "5"]
[White "QueensCounselor"]
[Black "A-Ru"]
[Result "1-0"]
[WhiteElo "1896"]
[BlackElo "1814"]
[Opening "French: classical, Steinitz variation"]
[ECO "C14"]
[Time "13:04:42"]
[TimeControl "2700+45"]

1. e4 e6 2. d4 d5 3. Nc3 Nf6 4. Bg5 Be7 5. e5 Nfd7 6. Bxe7 Qxe7 7. f4 c5 8. Nb5
Na6 9. Nd6+ Kf8 10. c3 Nc7 11. Nf3 Ne8 12. Nxe8 Kxe8 13. Bd3 Kf8 14. Ng5 g6 15.
O-O a6 16. b3 b5 17. Rf3 Bb7 18. Qd2 c4 19. Bc2 cxb3 20. axb3 Nb6 21. Raf1 a5
22. f5 exf5 23. Bxf5 h6 24. Bxg6 Qxg5 25. Rxf7+ Kg8 26. Qxg5 hxg5 27. Rxb7 Nc8
28. Bf7+ {Black resigns} 1-0

[Event "Team 45 45 League T38"]
[Site "Internet Chess Club"]
[Date "2008.08.24"]
[Round "5"]
[White "Rookmaster"]
[Black "predkoo"]
[Result "1-0"]
[WhiteElo "1870"]
[BlackElo "1788"]
[Opening "Giuoco Piano"]
[ECO "C50"]
[Time "14:00:01"]
[TimeControl "2700+45"]

1. e4 e5 2. Nf3 Nc6 3. Bc4 Bc5 4. O-O Nf6 5. d4 Nxd4 6. Nxe5 O-O 7. Be3 Ne6 8.
Bxe6 Bxe3 9. Bxf7+ Rxf7 10. Nxf7 Kxf7 11. fxe3 Kg8 12. e5 Ne8 13. Qd5+ Kh8 14.
Rf8# {Black checkmated} 1-0

[Event "Team 45 45 League T38"]
[Site "Internet Chess Club"]
[Date "2008.08.25"]
[Round "5"]
[White "Steinwitz"]
[Black "Marichan"]
[Result "1-0"]
[WhiteElo "1726"]
[BlackElo "1773"]
[Opening "Pirc: classical system, 5.Be2"]
[ECO "B08"]
[Time "15:00:15"]
[TimeControl "2700+45"]

1. e4 d6 2. d4 Nf6 3. Nc3 g6 4. Nf3 Bg7 5. Be2 O-O 6. O-O e5 7. dxe5 dxe5 8. h3
Nc6 9. Be3 Be6 10. Bb5 Qd6 11. Qxd6 cxd6 12. Rfd1 Rfd8 13. Rd2 a6 14. Be2 d5 15.
exd5 Nxd5 16. Nxd5 Bxd5 17. Bb6 Rd7 18. Rad1 Bxf3 19. Bxf3 Rxd2 20. Rxd2 Rb8 21.
c3 f5 22. Bd5+ Kf8 23. Kf1 Ke7 24. Bb3 Rc8 25. Bc5+ Ke8 26. Bb6 Ke7 27. Ke2 Bf6
28. Bc5+ Ke8 29. Bb6 Bg7 30. Bg8 Ne7 31. Bxh7 Kf7 32. Rd7 Bf6 33. Bd8 Ke6 34.
Bxe7 Kxd7 35. Bxf6 Ke6 36. Bg5 Kf7 37. h4 Kg7 38. Bxg6 Kxg6 39. g3 Rc6 40. Be3
Rd6 41. b3 Kh5 42. c4 Kg4 43. a3 f4 44. gxf4 exf4 45. Bc5 Re6+ 46. Kd2 Kxh4 47.
Ba7 Kg4 48. b4 Kf3 49. Bc5 b6 50. Bd4 Rd6 51. Kc3 Rxd4 52. Kxd4 Kxf2 53. c5
bxc5+ 54. bxc5 Ke2 55. c6 f3 56. c7 f2 57. c8=Q f1=Q 58. Qxa6+ {Black resigns}
1-0

[Event "Team 45 45 League T38"]
[Site "Internet Chess Club"]
[Date "2008.08.23"]
[Round "5"]
[White "DaveTheRook"]
[Black "hansolo1000"]
[Result "1-0"]
[WhiteElo "1681"]
[BlackElo "1753"]
[Opening "Réti opening"]
[ECO "A05"]
[Time "17:22:53"]
[TimeControl "2700+45"]

1. Nf3 Nf6 2. g3 d5 3. Bg2 Nbd7 4. O-O e5 5. d3 Be7 6. Nbd2 O-O 7. c3 c5 8. e4
dxe4 9. dxe4 b5 10. Nh4 c4 11. Nf5 Nc5 12. Nxe7+ Qxe7 13. Qe2 Rd8 14. a4 bxa4
15. Rd1 Be6 16. h3 Qd7 17. Bf3 Bxh3 18. Nxc4 Qxd1+ 19. Qxd1 Rxd1+ 20. Bxd1 Nfxe4
{Black resigns} 1-0

[Event "Team 45 45 League T38"]
[Site "Internet Chess Club"]
[Date "2008.08.25"]
[Round "5"]
[White "fishhead"]
[Black "Boromir"]
[Result "0-1"]
[WhiteElo "1886"]
[BlackElo "1991"]
[Opening "Caro-Kann: Steinitz variation"]
[ECO "B17"]
[Time "16:00:14"]
[TimeControl "2700+45"]

1. e4 c6 2. d4 d5 3. Nc3 dxe4 4. Nxe4 Nd7 5. Bc4 Ngf6 6. Ng5 e6 7. h4 Bd6 8. Qe2
Nb6 9. Bb3 h6 10. Ne4 Nxe4 11. Qxe4 a5 12. a4 O-O 13. Nf3 Nd5 14. Bd2 Nf6 15.
Qe2 b6 16. Ne5 Qc7 17. O-O-O c5 18. Nc4 cxd4 19. Nxd6 Qxd6 20. Bc3 e5 21. Rhe1
Qc6 22. Bd2 e4 23. Qc4 Qc5 24. Bf4 Qf5 25. Bd6 Re8 26. Qxd4 Be6 27. Bxe6 Rxe6
28. Qxb6 Rc8 29. Qd4 e3 30. Re2 Ne4 31. Bg3 exf2 32. Bxf2 Nc5 33. Qc4 Nb3+ 34.
Qxb3 Rxe2 {White resigns} 0-1

[Event "Team 45 45 League T38"]
[Site "Internet Chess Club"]
[Date "2008.08.25"]
[Round "5"]
[White "ivanson"]
[Black "HoHo"]
[Result "0-1"]
[WhiteElo "1798"]
[BlackElo "1901"]
[Opening "Sicilian: Najdorf, Polugayevsky variation"]
[ECO "B96"]
[Time "20:11:10"]
[TimeControl "2700+45"]

1. e4 c5 2. Nf3 d6 3. d4 cxd4 4. Nxd4 Nf6 5. Nc3 a6 6. Bg5 e6 7. f4 b5 8. e5
dxe5 9. fxe5 h6 10. Bh4 g5 11. Bg3 Nd5 12. Ne4 Qa5+ 13. c3 Bb7 14. Qf3 Nd7 15.
Nb3 Qb6 16. O-O-O Qe3+ 17. Qxe3 Nxe3 18. Re1 Bxe4 19. Rxe3 Bd5 20. Be2 Bxg2 21.
Rd1 Nc5 22. Nd4 Bd5 23. b3 Rc8 24. Nf5 exf5 25. Rxd5 f4 26. Bg4 Ne6 27. Rf3 fxg3
28. Bh5 Nf4 29. Bxf7+ Kxf7 30. hxg3 Ke6 31. Rd1 Nd5 {White resigns} 0-1

[Event "Team 45 45 League T38"]
[Site "Internet Chess Club"]
[Date "2008.08.23"]
[Round "5"]
[White "CREDITorDEBIT"]
[Black "PJ"]
[Result "0-1"]
[WhiteElo "1673"]
[BlackElo "1765"]
[Opening "Ruy Lopez: closed defense"]
[ECO "C84"]
[Time "09:59:26"]
[TimeControl "2700+45"]

1. e4 e5 2. Nf3 Nc6 3. Bb5 a6 4. Ba4 Nf6 5. O-O Be7 6. d3 d6 7. c3 b5 8. Bb3 Na5
9. Bc2 c5 10. b4 Nc6 11. bxc5 dxc5 12. h3 Ra7 13. Be3 Rd7 14. Qe2 O-O 15. a4 b4
16. cxb4 cxb4 17. Nbd2 Bd6 18. Nc4 Bc7 19. a5 Nd4 20. Nxd4 exd4 21. Bd2 Qe7 22.
Rab1 Nd5 23. Rb3 Nc3 24. Qh5 g6 25. Qg5 f6 26. Qh4 Qc5 27. f4 Bxa5 28. f5 g5 29.
Qh6 Nxe4 30. Bxb4 Bxb4 31. h4 Nd2 32. Nxd2 Bxd2 33. Rb2 Be3+ 34. Kh1 Bb7 35.
hxg5 Bxg5 36. Qh5 Rg7 37. Bb3+ Kh8 38. Bc4 Be3 39. Rfb1 Qc6 40. Qh3 Rb8 41. Rc2
Rxg2 42. Qxg2 Qxg2+ 43. Rxg2 Bxg2+ 44. Kxg2 Rxb1 45. Bxa6 {White resigns} 0-1

[Event "Team 45 45 League T38"]
[Site "Internet Chess Club"]
[Date "2008.08.24"]
[Round "5"]
[White "nanning"]
[Black "Mater"]
[Result "0-1"]
[WhiteElo "1545"]
[BlackElo "1689"]
[Opening "King's Indian: 6.Be2"]
[ECO "E91"]
[Time "14:30:26"]
[TimeControl "2700+45"]

1. d4 Nf6 2. c4 g6 3. Nc3 Bg7 4. e4 d6 5. Nf3 O-O 6. Be2 c5 7. d5 e6 8. O-O h6
9. Qc2 Nbd7 10. Rb1 Kh7 11. Rd1 Qe7 12. b4 exd5 13. Nxd5 Nxd5 14. exd5 b6 15.
bxc5 bxc5 16. Bb2 Nf6 17. Re1 Bd7 18. Bc3 Rab8 19. Ba5 Rxb1 20. Qxb1 Re8 21. Bd3
Qf8 22. Qb7 Ra8 23. Bc7 Rc8 24. Bc2 Ng4 25. a4 Ne5 26. Nd2 Ng4 27. h3 Bc3 28.
hxg4 Bxd2 29. Re2 Bf4 30. f3 Qg7 31. Bxd6 Qa1+ 32. Kf2 Qd4+ 33. Kf1 Bxd6 34.
Qxd7 Bg3 35. Qxf7+ Kh8 36. Re8+ Rxe8 37. Qxe8+ Kg7 38. Qxg6+ Kf8 39. Qf5+ Kg8
40. Qh7+ Kf8 41. Qxh6+ Ke7 42. Qe6+ Kd8 43. Qg8+ Kc7 44. Qf7+ Kb6 45. Qe6+ Ka5
46. Qe2 Kb6 47. g5 Qh4 48. Qe6+ Ka5 49. Qh3 Qxc4+ 50. Kg1 Qd4+ {White resigns}
0-1

[Event "Team 45 45 League T38"]
[Site "Internet Chess Club"]
[Date "2008.08.25"]
[Round "5"]
[White "Malacar"]
[Black "jesterday"]
[Result "1-0"]
[WhiteElo "2087"]
[BlackElo "1981"]
[Opening "Bird's opening"]
[ECO "A03"]
[Time "16:00:06"]
[TimeControl "2700+45"]

1. f4 d5 2. e3 Nf6 3. Nf3 g6 4. b3 Bg7 5. Bb2 O-O 6. Be2 b6 7. O-O Bb7 8. Qe1 c5
9. Qh4 e6 10. Qh3 Nc6 11. Bb5 d4 12. Bxc6 Bxc6 13. exd4 Bxf3 14. Qxf3 cxd4 15.
Na3 Qd5 16. Qd3 Ne4 17. Rae1 Nc5 18. Qb5 a6 19. Qxb6 Rab8 20. Qa5 Rb5 21. Qc7
Rb7 22. Qa5 Rfb8 23. d3 Rb6 24. Re2 Qc6 25. Nc4 Rb5 26. Qe1 Nd7 27. Qg3 Nf6 28.
Bxd4 Nd5 29. Bxg7 Kxg7 30. f5 Nc3 31. Re5 f6 32. Ree1 Qc5+ 33. Kh1 exf5 34. Nd6
R5b6 35. Nxf5+ Kf8 36. d4 Qb4 37. a3 Qa5 38. Nd6 f5 39. Nc4 {Black resigns} 1-0

[Event "Team 45 45 League T38"]
[Site "Internet Chess Club"]
[Date "2008.08.25"]
[Round "5"]
[White "makito"]
[Black "JPB"]
[Result "1-0"]
[WhiteElo "1814"]
[BlackElo "1732"]
[Opening "Nimzo-Indian: Kmoch variation"]
[ECO "E20"]
[Time "15:59:59"]
[TimeControl "2700+45"]

1. d4 Nf6 2. c4 e6 3. Nc3 Bb4 4. f3 c5 5. e3 O-O 6. Bd3 d5 7. Ne2 dxc4 8. Bxc4
Nc6 9. a3 cxd4 10. axb4 dxc3 11. Qxd8 Rxd8 12. bxc3 Ne5 13. Bb5 a6 14. O-O Nd3
15. Rd1 Bd7 16. Bxd3 Bb5 17. Bxb5 Rxd1+ 18. Kf2 Rh1 19. h3 Rd1 20. Ba4 Rd6 21.
e4 e5 22. c4 b6 23. Nc3 Rd4 24. Bb5 Rd3 25. Nd5 Nxd5 26. exd5 Rb3 27. Bd2 Kf8
28. Rxa6 Rxa6 29. Bxa6 Ke7 30. c5 bxc5 31. bxc5 Ra3 32. Bb7 Kd7 33. Bb4 Ra7 34.
c6+ Kd8 35. Bc5 Rxb7 36. cxb7 Kc7 37. Bd6+ Kxb7 38. Bxe5 f6 39. Bg3 Kc8 40. Ke3
Kd7 41. Kd4 {Black resigns} 1-0

[Event "Team 45 45 League T38"]
[Site "Internet Chess Club"]
[Date "2008.08.22"]
[Round "5"]
[White "Emrebey"]
[Black "Orinal"]
[Result "1/2-1/2"]
[WhiteElo "1607"]
[BlackElo "1450"]
[Opening "QGD: Cambridge Springs defense"]
[ECO "D52"]
[Time "10:00:18"]
[TimeControl "2700+45"]

1. c4 Nf6 2. Nf3 e6 3. Nc3 d5 4. d4 c6 5. Bg5 Nbd7 6. e3 Qa5 7. Qa4 Qxa4 8. Nxa4
dxc4 9. Bxf6 Nxf6 10. Ne5 Nd5 11. Bxc4 Bb4+ 12. Ke2 b5 13. Bxd5 cxd5 14. Nc5 O-O
15. a3 Ba5 16. b4 Bc7 17. f4 f6 18. Ned3 Bd6 19. h4 Re8 20. Kf3 h5 21. g3 e5 22.
Nf2 exd4 23. exd4 Bf5 24. Rhe1 Kf7 25. Ncd3 Rac8 26. Rxe8 Kxe8 27. Rc1 Rxc1 28.
Nxc1 Kd7 29. Ke3 Kc6 30. Nfd3 a5 31. Nc5 axb4 32. axb4 Bc7 {Game drawn by mutual
agreement} 1/2-1/2

[Event "Team 45 45 League T38"]
[Site "Internet Chess Club"]
[Date "2008.08.25"]
[Round "5"]
[White "incachess"]
[Black "ollo"]
[Result "0-1"]
[WhiteElo "1653"]
[BlackElo "1708"]
[Opening "Mieses opening"]
[ECO "A00"]
[Time "15:07:16"]
[TimeControl "2700+45"]

1. d3 c5 2. g3 Nc6 3. Bg2 g6 4. c4 Bg7 5. a3 e6 6. Nf3 d5 7. cxd5 exd5 8. Qc2 b6
9. Bg5 Nf6 10. d4 Bf5 11. Qc3 h6 12. Be3 Ne4 13. Qc1 Nxd4 14. Nxd4 cxd4 15. Qc6+
Ke7 16. Bd2 Nxd2 17. Nxd2 d3 18. Qb5 Qd7 19. Qxd5 Qxd5 20. Bxd5 Rad8 21. e4 Bxb2
22. Rb1 Bxa3 23. Ra1 Bc5 24. Rxa7+ Bd7 25. Nc4 b5 26. Ra5 Bb4+ 27. Kd1 bxc4 28.
Ra7 c3 29. Bc6 d2 30. Kc2 f6 31. Rb1 Bc5 32. Rc7 Bd4 33. Rbb7 Bxf2 34. Rxd7+ Ke6
35. Kxc3 d1=Q 36. Bd5+ Qxd5 37. exd5+ Ke5 38. Rf7 Rxd5 39. Rbe7+ Kf5 40. Re2
Rc5+ 41. Kb4 Rb8+ 42. Ka4 Bd4 43. Rd7 Rc4+ 44. Ka3 Bc5+ 45. Ka2 Ra4# {White
checkmated} 0-1

[Event "Team 45 45 League T38"]
[Site "Internet Chess Club"]
[Date "2008.08.22"]
[Round "5"]
[White "ckm8u"]
[Black "reb"]
[Result "0-1"]
[WhiteElo "2070"]
[BlackElo "2273"]
[Opening "Sicilian: Richter-Rauzer, Rauzer attack, 7...a6 defense, 8...Bd7"]
[ECO "B67"]
[Time "14:00:29"]
[TimeControl "2700+45"]

1. e4 c5 2. Nf3 d6 3. d4 cxd4 4. Nxd4 Nf6 5. Nc3 Nc6 6. Bg5 e6 7. Qd2 a6 8.
O-O-O Bd7 9. f4 b5 10. Bxf6 gxf6 11. Kb1 Qb6 12. Nxc6 Bxc6 13. Qe1 O-O-O 14. a3
a5 15. Bd3 Rg8 16. Qh4 Rxg2 17. Qxf6 Qb7 18. Rhg1 Bg7 19. Qh4 Rxg1 20. Rxg1 Bxc3
21. bxc3 b4 22. cxb4 axb4 23. Qf6 bxa3+ 24. Ka1 a2 25. Qc3 Qb6 26. Rd1 Kc7 27.
Bc4 Qc5 28. Qd3 Ra8 29. c3 Qa3 30. e5 d5 31. Qd4 dxc4 {White resigns} 0-1

[Event "Team 45 45 League T38"]
[Site "Internet Chess Club"]
[Date "2008.08.24"]
[Round "5"]
[White "bbentrup"]
[Black "Aluminum"]
[Result "1-0"]
[WhiteElo "2204"]
[BlackElo "1830"]
[Opening "French: Tarrasch"]
[ECO "C03"]
[Time "13:07:57"]
[TimeControl "2700+45"]

1. e4 e6 2. d4 d5 3. Nd2 dxe4 4. Nxe4 Nf6 5. Nxf6+ Qxf6 6. Nf3 h6 7. Bd3 Bd6 8.
O-O O-O 9. Re1 Nd7 10. Qe2 c5 11. Qe4 Re8 12. c3 Nf8 13. Ne5 cxd4 14. cxd4 Rb8
15. Re3 b6 16. Rg3 Bb7 17. Qg4 Bxe5 18. dxe5 Qxe5 19. Bxh6 Qxb2 20. Bxg7 {Black
resigns} 1-0

[Event "Team 45 45 League T38"]
[Site "Internet Chess Club"]
[Date "2008.08.24"]
[Round "5"]
[White "usc"]
[Black "John3v16"]
[Result "1/2-1/2"]
[WhiteElo "1813"]
[BlackElo "1745"]
[Opening "English opening"]
[ECO "A16"]
[Time "14:00:19"]
[TimeControl "2700+45"]

1. c4 Nf6 2. Nc3 g6 3. g3 Bg7 4. Bg2 O-O 5. d3 c5 6. Bd2 Nc6 7. Nf3 d5 8. cxd5
Nxd5 9. O-O e6 10. Rb1 Rb8 11. Ne4 b6 12. Qc1 Bb7 13. Bh6 Nde7 14. Bxg7 Kxg7 15.
Qc3+ f6 16. Neg5 Qd5 17. h4 Nd4 18. e4 Ne2+ 19. Kh2 Nxc3 20. exd5 fxg5 21. bxc3
gxh4 22. Nxh4 Bxd5 23. Rbe1 Nf5 24. Bxd5 exd5 25. Nxf5+ Rxf5 26. Re7+ Rf7 27.
Re5 Rbf8 28. Kg2 Rf5 29. Re7+ R8f7 30. Re3 g5 31. f3 d4 32. cxd4 cxd4 33. Re4
Ra5 34. Rf2 Ra4 35. Rc2 Rd7 36. f4 gxf4 37. Rxf4 Ra3 38. Rd2 b5 39. Kg1 b4 40.
Rdf2 Rd6 41. Rf7+ Kg6 42. Rf8 Ra5 43. g4 Rd7 44. Rg8+ Rg7 45. Rd8 Rf7 46. Rg8+
Rg7 47. Rd8 {Game drawn by mutual agreement} 1/2-1/2

[Event "Team 45 45 League T38"]
[Site "Internet Chess Club"]
[Date "2008.08.24"]
[Round "5"]
[White "BigMike"]
[Black "Python132"]
[Result "0-1"]
[WhiteElo "1703"]
[BlackElo "1773"]
[Opening "French: King's Indian attack"]
[ECO "C00"]
[Time "21:00:11"]
[TimeControl "2700+45"]

1. e4 e6 2. d3 d5 3. Nc3 Nf6 4. e5 Nfd7 5. f4 c5 6. Nf3 Nc6 7. g3 Be7 8. Bg2 O-O
9. O-O Qb6 10. Kh1 f6 11. Na4 Qc7 12. b3 fxe5 13. fxe5 Ndxe5 14. Bf4 Bd6 15. Nc3
a6 16. Nd2 Bd7 17. Qe2 Ng6 18. Bxd6 Qxd6 19. Rae1 Nd4 20. Qd1 b5 21. Ne2 Nxe2
22. Qxe2 Rae8 23. c4 bxc4 24. dxc4 Bc6 25. Rxf8+ Nxf8 26. Qh5 g6 27. Qf3 Rc8 28.
Rf1 Qd7 29. Qf6 Qg7 30. Qf4 Rc7 31. Qd6 Qe7 32. Qe5 d4 33. Rxf8+ Kxf8 34. Qh8+
Kf7 35. Qxh7+ Kf6 36. Qh4+ g5 37. Qh6+ Kf7 38. Bxc6 Rxc6 39. Qh5+ Kg7 40. Nf3
Qf6 41. Nxg5 Qf1# {White checkmated} 0-1

[Event "Team 45 45 League T38"]
[Site "Internet Chess Club"]
[Date "2008.08.25"]
[Round "5"]
[White "PandorasBox"]
[Black "gorgon"]
[Result "1/2-1/2"]
[WhiteElo "2130"]
[BlackElo "2016"]
[Opening "Blackmar-Diemer gambit"]
[ECO "D00"]
[Time "16:08:09"]
[TimeControl "2700+45"]

1. d4 Nf6 2. Nc3 d5 3. e4 Nxe4 4. Nxe4 dxe4 5. Bc4 Nd7 6. Bg5 Nf6 7. f3 exf3 8.
Nxf3 e6 9. O-O Be7 10. c3 O-O 11. Bd3 b6 12. Qe1 Nd5 13. Bxe7 Qxe7 14. c4 Nf6
15. Ne5 Bb7 16. Qh4 h6 17. Ng4 Nd5 18. Nxh6+ gxh6 19. Qxh6 f5 20. Qg6+ Qg7 21.
Qxg7+ Kxg7 22. cxd5 Bxd5 23. Rac1 {Game drawn by mutual agreement} 1/2-1/2

[Event "Team 45 45 League T38"]
[Site "Internet Chess Club"]
[Date "2008.08.24"]
[Round "5"]
[White "fileman"]
[Black "fledermaus"]
[Result "0-1"]
[WhiteElo "1880"]
[BlackElo "1997"]
[Opening "Sicilian: wing gambit, Marshall variation"]
[ECO "B20"]
[Time "16:08:22"]
[TimeControl "2700+45"]

1. e4 c5 2. b4 cxb4 3. a3 e5 4. Nf3 Nc6 5. Bc4 Nf6 6. d3 Be7 7. axb4 Bxb4+ 8. c3
Ba5 9. O-O O-O 10. Ba3 d6 11. h3 h6 12. Qc2 Re8 13. Nbd2 Be6 14. Bb5 a6 15. Bxc6
bxc6 16. Bxd6 Bxc3 17. Qxc3 Qxd6 18. Nxe5 c5 19. Ra5 Rec8 20. Rc1 Nh5 21. Rxc5
Nf4 22. d4 Ne2+ {White resigns} 0-1

[Event "Team 45 45 League T38"]
[Site "Internet Chess Club"]
[Date "2008.08.23"]
[Round "5"]
[White "smitty120"]
[Black "Malcolm"]
[Result "0-1"]
[WhiteElo "1921"]
[BlackElo "1814"]
[Opening "Scandinavian defense"]
[ECO "B01"]
[Time "12:10:39"]
[TimeControl "2700+45"]

1. e4 d5 2. exd5 Qxd5 3. Nc3 Qa5 4. d4 Nf6 5. Nf3 Bf5 6. Bd2 e6 7. Bc4 c6 8. O-O
Qc7 9. h3 Be7 10. Nh4 Bg6 11. Nxg6 hxg6 12. Be3 Nbd7 13. Qf3 O-O-O 14. Ne2 Rh7
15. c3 Rdh8 16. Qg3 Bd6 17. Qf3 Be7 18. b4 Rh4 19. Bd3 Ng4 20. Bf4 e5 21. Bg3 f5
22. Bxh4 e4 23. Qg3 Bd6 24. Nf4 Bxf4 {White resigns} 0-1

[Event "Team 45 45 League T38"]
[Site "Internet Chess Club"]
[Date "2008.08.23"]
[Round "5"]
[White "rubo"]
[Black "Mr-Inretrospect"]
[Result "1/2-1/2"]
[WhiteElo "1719"]
[BlackElo "1827"]
[Opening "Bird: From gambit, Lasker variation"]
[ECO "A02"]
[Time "14:02:50"]
[TimeControl "2700+45"]

1. f4 e5 2. fxe5 d6 3. exd6 Bxd6 4. Nf3 g5 5. d4 g4 6. Ng5 Bf5 7. e4 Bg6 8. Qxg4
Nf6 9. Qf3 Nxe4 10. Nxe4 Qe7 11. Bd3 f5 12. Nd2 Nc6 13. c3 O-O 14. O-O fxe4 15.
Bc4+ Kh8 16. Qe3 Ne5 17. dxe5 Bc5 18. Nb3 Bxe3+ 19. Bxe3 b6 20. Rf6 Rxf6 21.
exf6 Qf8 22. f7 {Game drawn by mutual agreement} 1/2-1/2

[Event "Team 45 45 League T38"]
[Site "Internet Chess Club"]
[Date "2008.08.25"]
[Round "5"]
[White "Ehab"]
[Black "PawnMorphy"]
[Result "0-1"]
[WhiteElo "1752"]
[BlackElo "1816"]
[Opening "Caro-Kann defense"]
[ECO "B10"]
[Time "20:05:59"]
[TimeControl "2700+45"]

1. e4 c6 2. Nf3 d5 3. exd5 cxd5 4. d4 Nf6 5. Bd3 Bg4 6. Bf4 Nc6 7. c3 e6 8. Nbd2
Bd6 9. Bxd6 Qxd6 10. Qb3 O-O 11. O-O Bxf3 12. Nxf3 b6 13. Rae1 Nd7 14. Qc2 g6
15. Qd2 Rfc8 16. Qh6 Qf8 17. Qe3 a6 18. h4 Re8 19. h5 e5 20. dxe5 Ncxe5 21. Nxe5
Rxe5 22. Qh3 Qe8 23. hxg6 hxg6 24. Rxe5 Nxe5 25. Bc2 Rc8 26. Bb3 Nc4 27. Rd1 Rc5
28. Rd4 Qe1+ 29. Kh2 Qxf2 30. Rh4 Qf6 31. Bxc4 dxc4 32. Re4 Rh5 {White resigns}
0-1

[Event "Team 45 45 League T38"]
[Site "Internet Chess Club"]
[Date "2008.08.22"]
[Round "5"]
[White "Ernie1"]
[Black "czek"]
[Result "0-1"]
[WhiteElo "1580"]
[BlackElo "1790"]
[Opening "Benkö gambit"]
[ECO "A57"]
[Time "20:09:01"]
[TimeControl "2700+45"]

1. d4 Nf6 2. c4 c5 3. d5 b5 4. b3 Qb6 5. Qc2 bxc4 6. bxc4 g6 7. Bb2 Bg7 8. Nf3
Na6 9. a3 Rb8 10. Bc3 Qb3 11. Qxb3 Rxb3 12. Nfd2 Rb6 13. e4 d6 14. e5 dxe5 15.
Bxe5 Nb8 16. Bd3 Nbd7 17. Bc3 O-O 18. O-O Re8 19. Nf3 e6 20. dxe6 Rbxe6 21. Nbd2
Nb6 22. Rae1 Rd8 23. Rxe6 Bxe6 24. Be2 Nh5 25. Bxg7 Nf4 26. Bd1 Kxg7 27. Bb3
Ne2+ 28. Kh1 Nd4 29. Nxd4 Rxd4 30. Nf3 Rd3 31. Rb1 Bxc4 32. Bxc4 Nxc4 33. Rb5
Rxa3 34. Rxc5 Ra1+ 35. Ng1 Nb2 36. g3 Nd3 37. Rc2 a5 38. Kg2 Ne1+ {White
resigns} 0-1

[Event "Team 45 45 League T38"]
[Site "Internet Chess Club"]
[Date "2008.08.23"]
[Round "5"]
[White "GambitBandit"]
[Black "ARMAND01968"]
[Result "1-0"]
[WhiteElo "2063"]
[BlackElo "1815"]
[Opening "Colle system"]
[ECO "D05"]
[Time "15:00:15"]
[TimeControl "2700+45"]

1. d4 d5 2. Nf3 e6 3. e3 Nf6 4. Bd3 c5 5. c3 Nc6 6. O-O c4 7. Bc2 Bd6 8. Nbd2
O-O 9. e4 Nxe4 10. Nxe4 dxe4 11. Bxe4 Qc7 12. Qe2 Na5 13. Bc2 b5 14. Ng5 g6 15.
g3 e5 16. Rd1 exd4 17. Rxd4 Bb7 18. Nxh7 Kxh7 19. Qh5+ Kg8 20. Bxg6 fxg6 21.
Qxg6+ Qg7 22. Qe6+ Rf7 23. Rg4 Bf8 24. Bh6 Qxg4 25. Qxg4+ Kh8 26. Qh4 Kg8 27.
Re1 Bg7 28. Bxg7 Rxg7 29. Re7 Nc6 30. Rxg7+ Kxg7 31. Qg5+ Kf8 32. Qxb5 Rb8 33.
Qxc4 Rd8 34. Qc5+ Ne7 35. Qh5 Rd3 36. Qe2 Rd6 37. f4 Bd5 38. c4 Be6 39. b4 Bf5
40. a4 Kf7 41. c5 Rd4 42. g4 Be6 43. f5 Bc4 44. Qf3 Bd5 45. Qg3 Rxb4 46. Qh4
Rxa4 47. Qh7+ Kf8 48. Qh8+ Kf7 49. Qh5+ Kf6 50. Kf2 Ra3 51. Qh8+ Kf7 52. h4 Rf3+
53. Ke2 a6 54. Qh7+ Ke8 55. Qh6 Ra3 56. f6 Bc4+ 57. Kf2 Ra2+ 58. Ke3 Nd5+ 59.
Kd4 Bb3 60. Qh8+ Kd7 61. f7 Rd2+ 62. Ke4 Rf2 63. Qe8+ Kc7 64. f8=Q Re2+ 65. Kd3
Rxe8 66. Qxe8 a5 67. c6 Nb6 68. h5 Bd1 69. h6 Bxg4 70. Qf7+ Kd6 71. h7 Be6 72.
Qf8+ Kxc6 73. h8=Q Bc4+ 74. Kd4 Kb5 75. Qe8+ Kb4 76. Qhf8+ Kb3 77. Qe3+ Ka4 78.
Qc5 Bb3 79. Qe8+ Nd7 80. Qxd7# {Black checkmated} 1-0

[Event "Team 45 45 League T38"]
[Site "Internet Chess Club"]
[Date "2008.08.24"]
[Round "5"]
[White "frank001"]
[Black "chess92192"]
[Result "1/2-1/2"]
[WhiteElo "1759"]
[BlackElo "1808"]
[Opening "Ruy Lopez: closed, Averbach variation"]
[ECO "C87"]
[Time "20:00:27"]
[TimeControl "2700+45"]

1. e4 e5 2. Nf3 Nc6 3. Bb5 a6 4. Ba4 Nf6 5. O-O Be7 6. Re1 d6 7. c3 Bg4 8. d3
O-O 9. Nbd2 Nd7 10. h3 Bh5 11. Nf1 Nc5 12. Bc2 Ne6 13. Be3 Bg5 14. g4 Bxe3 15.
Nxe3 Bg6 16. Kh2 f6 17. Bb3 Bf7 18. d4 Na5 19. Bc2 Nf4 20. d5 b6 21. b4 Nb7 22.
Ba4 b5 23. Bc2 Qd7 24. a4 c5 25. Nh4 cxb4 26. cxb4 a5 27. Qd2 axb4 28. Qxb4 bxa4
29. Reb1 Nc5 30. Nhf5 g6 31. Nh6+ Kg7 32. Nxf7 Rxf7 33. Nc4 Qb7 34. Nxd6 Qxb4
35. Rxb4 Rd7 36. Nc4 Nfd3 37. Rb5 Raa7 38. f3 a3 39. Rxa3 Rxa3 40. Nxa3 Ra7 41.
Bxd3 Nxd3 42. Rb3 Nc1 43. Rc3 Ne2 44. Rb3 Nd4 45. Rc3 Kf7 46. h4 Ke7 47. Kg2 Ne2
48. Rb3 Nd4 49. Rc3 Ne2 50. Rb3 {Game drawn by mutual agreement} 1/2-1/2

[Event "Team 45 45 League T38"]
[Site "Internet Chess Club"]
[Date "2008.08.25"]
[Round "5"]
[White "Bible"]
[Black "andrew28"]
[Result "0-1"]
[WhiteElo "1594"]
[BlackElo "1793"]
[Opening "Queen's Pawn"]
[ECO "A41"]
[Time "16:14:08"]
[TimeControl "2700+45"]

1. d4 d6 2. e3 Nf6 3. Be2 Nbd7 4. Nf3 e5 5. dxe5 dxe5 6. Nxe5 Nxe5 7. Qxd8+ Kxd8
8. b3 Bf5 9. Bb2 Bd6 10. Nc3 Re8 11. O-O-O a6 12. Ba3 Ke7 13. Bb2 Rad8 14. f3
Kf8 15. e4 Bc8 16. Kb1 Bb4 17. h3 Nc6 18. Bc4 Ne5 19. Be2 Ng6 20. g3 Rxd1+ 21.
Nxd1 Bd6 22. Bxf6 gxf6 23. Rg1 Kg7 24. h4 Bc5 25. Rh1 Ne5 26. Nc3 c6 27. g4 Ng6
28. Bd1 Nf4 29. Be2 Bd4 30. Bd3 Bxc3 31. g5 Nxd3 32. gxf6+ Kxf6 33. cxd3 Rg8 34.
Kc2 Be5 {White resigns} 0-1